 Dungeon Crawl Stone Soup version 0.30-a0-715-gdb4ae3ece1 (webtiles) character file.

Game seed: 7567461638736475001

254 warriortoast the Trooper (level 6, 0/51 HPs)
             Began as a Barachi Fighter on Jan 24, 2023.
             Was an Initiate of Hepliaklqana.
             Slain by an iguana (5 damage)
             ... on level 3 of the Dungeon.
             The game lasted 00:08:57 (3624 turns).

warriortoast the Trooper (Barachi Fighter)          Turns: 3624, Time: 00:08:57

Health: 0/51       AC:  9    Str: 20    XL:     6   Next: 14%
Magic:  0/6        EV:  9    Int: 14    God:    Hepliaklqana [......]
Gold:   185        SH:  4    Dex: 11    Spells: 5/5 levels left

rFire   . . .      SeeInvis .    a - +0 war axe
rCold   . . .      Faith    .    c - +0 buckler
rNeg    . . .      Spirit   +    b - +0 scale mail
rPois   .          Reflect  .    d - +0 helmet
rElec   .          Harm     .    (no cloak)
rCorr   .          Rampage  .    x - +0 pair of gloves
Will    .....                    (no boots) Stlth
                                 g - amulet of guardian spirit
HPRegen 0.28/turn                y - +6 ring of intelligence
MPRegen 0.10/turn                (no ring)

@: unable to hop, slow
A: amphibious, slowness 1, strong legs 1, +LOS
a: Hop, Renounce Religion


You were on level 3 of the Dungeon.
You worshipped Hepliaklqana.
Hepliaklqana was noncommittal.
You visited 1 branch of the dungeon, and saw 4 of its levels.

You collected 185 gold pieces.

Inventory:

Hand Weapons
 a - a +0 war axe (weapon)
Missiles
 e - 10 poisoned darts (quivered)
Armour
 b - a +0 scale mail (worn)
 c - a +0 buckler (worn)
 d - a +0 helmet (worn)
 x - a +0 pair of gloves (worn)
Jewellery
 g - an amulet of guardian spirit (around neck)
 y - a +6 ring of intelligence (left hand)
Wands
 v - a wand of paralysis (14)
Scrolls
 f - 2 scrolls of fog
 h - a scroll of amnesia
 i - 2 scrolls of vulnerability {unknown}
 l - a scroll of silence {unknown}
 m - a scroll of immolation {unknown}
 o - 10 scrolls of identify {unknown}
 u - a scroll of enchant weapon {unknown}
Potions
 j - a potion of haste {unknown}
 k - a potion of heal wounds {unknown}
 n - a potion of cancellation {unknown}
 p - a potion of degeneration {unknown}
 q - a potion of ambrosia {unknown}
 s - 2 potions of attraction {unknown}
 t - a potion of flight {unknown}
 w - a potion of brilliance {unknown}


   Skills:
 + Level 5.6 Fighting
 - Level 2.1(3.2) Axes
 + Level 3.5(3.9) Maces & Flails
 + Level 2.9 Throwing
 - Level 3.6 Armour
 - Level 3.2 Shields


You had 5 spell levels left.
You didn't know any spells.
Your spell library contained the following spells:

 Spells                   Type           Power      Damage    Failure   Level
 Static Discharge         Conj/Air       0%         2-2/arc   85%         2
 Call Canine Familiar     Summ           0%         N/A       97%         3
 Portal Projectile        Hex/Tloc       0%         N/A       97%         3
 Vhi's Electric Charge    Tloc/Air       0%         N/A       97%         3
 Leda's Liquefaction      Hex/Erth       0%         N/A       100%        4
 Arcjolt                  Conj/Air       0%         1d10      100%        5
 Lightning Bolt           Conj/Air       0%         1d11      100%        5


Dungeon Overview and Level Annotations

Branches:
Dungeon (4/15)
 Temple: D:4-7

Altars:
Hepliaklqana
Xom

Shops:
D:1 (


Innate Abilities, Weirdness & Mutations

You are amphibious.
You cover ground slowly.
You can hop short distances.
You have an extended range of vision and can be seen from far away.


Message History

* * * LOW HITPOINT WARNING * * *
You hit the iguana.
The iguana is heavily wounded.
The iguana barely misses you.
You barely miss the iguana.
The iguana is heavily wounded.
The iguana bites you.
* * * LOW HITPOINT WARNING * * *
The iguana misses you.
It was a potion of curing.
You feel better.
The iguana bites you but does no damage.
You closely miss the iguana.
The iguana is heavily wounded.
The iguana bites you!
* * * LOW HITPOINT WARNING * * *
You feel better.
The iguana bites you but does no damage.
You hit the iguana.
The iguana is severely wounded.
The iguana closely misses you. The iguana barely misses you.
You barely miss the iguana.
The iguana is severely wounded.
The iguana barely misses you.
You hit the iguana.
The iguana is almost dead.
The iguana barely misses you.
You barely miss the iguana.
The iguana is almost dead.
The iguana bites you.
* * * LOW HITPOINT WARNING * * *
The iguana bites you.
* * * LOW HITPOINT WARNING * * *
You barely miss the iguana.
The iguana is almost dead.
The iguana bites you.
* * * LOW HITPOINT WARNING * * *
You hit the iguana but do no damage.
The iguana is almost dead.
The iguana bites you.
You die...

###### #....# #.##.#
####.##.# #.......#
#.##.#### #.#..# #########
#.#.############.......##
#....§§....§..l@........###
#..##§##########..........#
##.##.# #.......##.# #....#
#.......##.###### ###..#
#.......##....... ## #..#
#.......###...... .####).#
##.......# #......
.##⌠#..###### #..###.###
##.....
##..........####.####§.##
##.#.#


You could see an iguana.

Vanquished Creatures
  Jessica (D:2)
  Terence (D:2)
  An iguana (D:4)
  Natasha (D:2)
  Robin (D:2)
  A gnoll (D:2)
  5 adders
  4 worms
  2 dart slugs
  3 orcs
  3 endoplasms
  3 giant cockroaches
  13 goblins
  10 hobgoblins
  9 ball pythons
  5 bats
  3 frilled lizards
  4 kobolds
  5 rats
75 creatures vanquished.

Notes
Turn   | Place    | Note
-------+----------+-------------------------------------------
     0 | D:1      | warriortoast the Barachi Fighter began the quest for the
                  | Orb.
     0 | D:1      | Reached XP level 1. HP: 18/18 MP: 1/1
   137 | D:1      | Reached skill level 1 in Maces & Flails
   142 | D:1      | Reached skill level 4 in Fighting
   142 | D:1      | Reached XP level 2. HP: 25/25 MP: 2/2
   395 | D:1      | Found Fivvew's Weapon Shoppe.
   865 | D:2      | Noticed Robin
   972 | D:2      | Reached XP level 3. HP: 20/30 MP: 3/3
  1166 | D:2      | Noticed Terence
  1185 | D:2      | Killed Terence
  1186 | D:2      | Reached skill level 1 in Throwing
  1242 | D:2      | Reached XP level 4. HP: 36/38 MP: 4/4
  1659 | D:2      | Noticed Jessica
  1662 | D:2      | Killed Jessica
  1680 | D:2      | Reached skill level 5 in Fighting
  1680 | D:2      | Reached XP level 5. HP: 37/44 MP: 5/5
  1886 | D:2      | Noticed Natasha
  1893 | D:2      | Killed Natasha
  2206 | D:2      | Killed Robin
  2862 | D:3      | Found a hazy altar of Hepliaklqana.
  2888 | D:3      | Became a worshipper of Hepliaklqana the Forgotten
  3306 | D:4      | Reached XP level 6. HP: 51/51 MP: 6/6
  3373 | D:4      | Found a shimmering altar of Xom.
  3624 | D:3      | Slain by an iguana

Illustrated notes

Levels and vault maps discovered:
D:1:      minmay_arrival_floating_metal, layout_loops_cross, serial_shops, shop
D:2:      minmay_inner_zag, layout_basic, nicolae_figureground_pulse,
          uniq_robin, uniq_terence, uniq_jessica, uniq_natasha
D:3:      layout_basic, mainiacjoe_overflow_brackets, grunt_ministairs_8,
          kennysheep_generic_room_9
D:4:      nicolae_BIG_FREAKIN_CUBE, layout_basic, mainiacjoe_overflow_alcove_1,
          lemuel_round_altar, minivault_14

Skill      XL: |  1  2  3  4  5 |
---------------+----------------+-----
Maces & Flails | 1 2 3 |  3.5
Fighting       | 4 5 |  5.6
Throwing       | 1 2 |  2.9
Axes           | |  2.1
Armour         | |  3.6
Shields        | |  3.2

Action                     |  1- 3 |  4- 6 || total
---------------------------+-------+-------++-------
  Melee: War axe           |    65 |   166 ||   231
  Throw: Dart              |     5 |    17 ||    22
Ability: Hop               |     2 |     1 ||     3
    Use: Scroll            |     2 |     2 ||     4
         Potion            |       |     3 ||     3
 Armour: Scale mail        |    30 |    63 ||    93
  Dodge: Dodged            |    33 |    75 ||   108
  Block: Buckler           |    16 |    32 ||    48

Table legend: (Time is in decaauts)
 A = Elapsed time spent in this place.
 B = Non-inter-level travel time spent in this place.
 C = Inter-level travel time spent in this place.
 D = Time resting spent in this place.
 E = Time spent auto-exploring this place.
 F = Levels seen in this place.
 G = Mean time per level.
                   A        B        C        D        E       F      G
               +--------+--------+--------+--------+--------+-----+--------+
         Total |   4255 |   4121 |    134 |    364 |   2912 |   4 | 1063.8 |
       Dungeon |   4255 |   4121 |    134 |    364 |   2912 |   4 | 1063.8 |
               +--------+--------+--------+--------+--------+-----+--------+

Top non-repeatable levels by time:
     D:2: 1731 daAuts
     D:3: 1042 daAuts
     D:1: 1029 daAuts
     D:4: 452 daAuts
